 Dungeon Crawl Stone Soup version 0.28.0-53-g5a82cb258f (webtiles) character file.

Game seed: 14674901580953838133

121 CryoSword the Chiller (level 4, -3/35 HPs)
             Began as a Demonspawn Ice Elementalist on May 24, 2022.
             Slain by Grinder (5 damage)
             ... while paralysed by Grinder
             ... on level 3 of the Dungeon.
             The game lasted 00:03:18 (2748 turns).

CryoSword the Chiller (Demonspawn Ice Elementalist) Turns: 2748, Time: 00:03:19

Health: -3/35      AC: 10    Str: 10    XL:     4   Next: 77%
Magic:  2/7        EV:  2    Int: 16    God:
Gold:   93         SH:  0    Dex: 14    Spells: 0/7 levels left

rFire   . . .      SeeInvis .   i - +0 spear
rCold   . . .      Faith    .   (no shield)
rNeg    . . .      Spirit   .   a - +0 robe
rPois   .          Reflect  .   (no helmet)
rElec   .          Harm     .   (no cloak)
rCorr   .          Rampage  .   (no gloves)
Will    .....                   (no boots)
Stlth   ++........              (no amulet)
HPRegen 0.11/turn               (no ring)
MPRegen 0.10/turn               (no ring)

@: paralysed, ice-armoured, freezing walls
A: slimy green scales 1, demonic guardian 1
a: no special abilities


You were on level 3 of the Dungeon.
You visited 1 branch of the dungeon, and saw 3 of its levels.

You collected 93 gold pieces.

Inventory:

Hand Weapons
 i - a +0 spear (weapon)
   (You took it off a gnoll on level 2 of the Dungeon)
Armour
 a - a +0 robe (worn)
Wands
 j - a wand of charming (10)
   (You found it on level 2 of the Dungeon)
 l - a wand of mindburst (12)
   (You found it on level 2 of the Dungeon)
Scrolls
 c - 7 scrolls of identify {unknown}
 d - a scroll of vulnerability {unknown}
 e - a scroll of enchant weapon {unknown}
 h - 2 scrolls of enchant armour {unknown}
Potions
 b - a potion of brilliance {unknown}
 f - 3 potions of berserk rage {unknown}
 g - a potion of flight {unknown}
 k - 2 potions of heal wounds {unknown}


   Skills:
 + Level 3.0 Fighting
 - Level 1.7 Dodging
 - Level 1.7 Stealth
 - Level 2.0 Spellcasting
 + Level 4.7 Ice Magic


You couldn't memorise any spells.
You knew the following spells:

 Your Spells              Type           Power      Damage    Failure   Level
a - Freeze                Ice            64%        1d8       3%          1
b - Frozen Ramparts       Ice            32%        1d5       9%          3
c - Ozocubu's Armour      Ice            16%        N/A       9%          3

Your spell library contained the following spells:

 Spells                   Type           Power      Damage    Failure   Level
 Magic Dart               Conj           4%         1d3       21%         1
 Call Imp                 Summ           1%         N/A       30%         2
 Mephitic Cloud           Conj/Pois/Air  1%         N/A       52%         3
 Hailstorm                Conj/Ice       9%         3d4       61%         4


Dungeon Overview and Level Annotations

Branches:
Dungeon (3/15)

Altars:

Annotations:
D:3 Grinder


Innate Abilities, Weirdness & Mutations

You are partially covered in slimy green scales. (AC +2)
A weak demonic guardian rushes to your aid.


Message History

A kobold is nearby!
The kobold shouts!
You see here a +0 club.
You closely miss the kobold. The kobold closely misses you.
You hit the kobold but do no damage. The kobold closely misses you.
You hit the kobold. The kobold closely misses you.
You barely miss the kobold. The kobold misses you.
The kobold hits you with a +0 whip.
Aim: a kobold, wielding a +0 whip (severely wounded)
You freeze the kobold!
You kill the kobold!
Things that are here:
a +0 whip; a kobold corpse A kobold comes into view.
It is wielding a +0 dagger.
The kobold shouts!
A kobold is nearby!
A kobold is nearby!
A kobold is nearby!
You barely miss the kobold. The kobold closely misses you.
You hit the kobold but do no damage. The kobold hits you but does no damage.
Aim: a kobold, wielding a +0 dagger You freeze the kobold!
You kill the kobold!
Found an encrusted wooden wand.
Things that are here:
a +0 dagger; a kobold corpse
l - a wand of mindburst (12)
A ball python comes into view.
A ball python is nearby!
You reach to attack!
The helpless ball python fails to defend itself.
You hit the ball python.
You kill the ball python!
No target in view!
A goblin comes into view. It is wielding a +0 dagger.
You see here a ball python corpse.
A goblin is nearby!
A goblin is nearby!
A goblin is nearby!
The goblin shouts!
You hit the goblin.
You kill the goblin!
No target in view!
k - 2 golden potions (gained 1)
You see here a +0 dagger.
Done exploring.
Done exploring.
Done exploring.
Done exploring.
There is a stone staircase leading down here.
You climb downwards.
The jackal barks! x3; You hear a bark!
Found a robe and 11 gold pieces.
There is a stone staircase leading up here.
A jackal comes into view.
The jackal barks!
You hit the jackal but do no damage.
The jackal bites you but does no damage.
The jackal closely misses you. The goblin barely misses you.
You hit the jackal. The jackal misses you. The jackal bites you.
The jackal closely misses you. The goblin completely misses you.
The jackal barely misses you.
The jackal bites you but does no damage.
You hit the jackal.
The jackal bites you but does no damage.
You hit the jackal but do no damage.
The jackal bites you but does no damage. x2
Aim: a jackal (moderately wounded)
You freeze the jackal.
You kill the jackal!
The jackal barely misses you.
Aim: a jackal You freeze the jackal.
The jackal bites you.
Aim: a jackal (heavily wounded)
You freeze the jackal.
You kill the jackal!
Aim: a goblin, wielding a +0 club You freeze the goblin.
You kill the goblin!
Okay, then.
Reach: i) +0 spear
Aim: a jackal (severely wounded, about 45% to evade your +0 spear)
You reach to attack!
You hit the jackal.
You kill the jackal!
Reach: i) +0 spear
Aim: a jackal (about 45% to evade your +0 spear)
You hit the jackal but do no damage. The jackal closely misses you.
Aim: a jackal You freeze the jackal.
You kill the jackal!
Your Fighting skill increases to level 3!
Things that are here:
a +0 club; a jackal corpse; a jackal corpse You see here a +0 robe.
You now have 78 gold pieces (gained 11).
Key pressed, stopping explore.
Found a stone staircase leading down.
You now have 93 gold pieces (gained 15).
A rat comes into view.
A rat is nearby!
A rat is nearby!
Grinder comes into view.
An adder comes into view.
You closely miss the rat. The rat bites you. A film of ice covers your body!
The rat bites you but does no damage.
The walls around you are covered in ice.
The wall freezes the rat.
The rat closely misses you.
Grinder completely resists.
The wall freezes Grinder but does no damage.
Grinder blinks!
Reach: i) +0 spear
Aim: a rat (heavily wounded, about 38% to evade your +0 spear)
You hit the rat.
You kill the rat!
Grinder completely resists.
The wall freezes Grinder but does no damage.
The wall freezes the adder.
The adder seems to slow down.
Reach: i) +0 spear
Aim: an adder (lightly wounded, slow, about 56% to evade your +0 spear)
You barely miss the adder.
Grinder completely resists.
The wall freezes Grinder but does no damage.
Grinder gestures at you.
You suddenly lose the ability to move!
The wall freezes the adder.
The adder seems to slow down.
The adder bites you.
You are poisoned.
The adder poisons you!
You feel sick.
Grinder resists.
The wall freezes Grinder.
The wall freezes the adder!
You kill the adder!
You feel sick.
Grinder completely resists.
The wall freezes Grinder but does no damage.
Grinder hits you.
You writhe in agony.
You feel sick.
Grinder completely resists.
The wall freezes Grinder but does no damage.
Grinder says, "I used to sell toenails on the black market."
Grinder hits you!
* * * LOW HITPOINT WARNING * * *
A demonic guardian appears!
You writhe in agony.
* * * LOW HITPOINT WARNING * * *
You feel sick.
Grinder completely resists.
The wall freezes Grinder but does no damage.
Grinder says, "Just stop there for a second..."
Grinder hits you!
* * * LOW HITPOINT WARNING * * *
You feel sick.
You are no longer poisoned.
Grinder completely resists.
The wall freezes Grinder but does no damage.
Grinder hits you.
You die...

.......# ######.#
#......# #
.....#################...
....................>....
.....####.######.........
......# #.# #.#.#####.
#####.# #.######5#.# .#
#.......@#+# .#
#########5...... ..
....... ....... .......
....... ....... .......


You could see Grinder (ally target) and a friendly ufetubus (summoned).

Vanquished Creatures
  3 gnolls (D:2)
  2 adders
  A worm (D:2)
  4 dart slugs (D:1)
  4 bats
  2 endoplasms (D:1)
  A giant cockroach (D:1)
  7 goblins
  3 hobgoblins
  5 jackals
  4 quokkas
  4 ball pythons
  2 frilled lizards
  4 kobolds
  3 rats
49 creatures vanquished.

Vanquished Creatures (collateral kills)
  An adder (D:2)
  2 jackals (D:2)
3 creatures vanquished.

Grand Total: 52 creatures vanquished

Notes
Turn   | Place    | Note
-------+----------+-------------------------------------------
     0 | D:1      | CryoSword the Demonspawn Ice Elementalist began the quest
                  | for the Orb.
     0 | D:1      | Reached XP level 1. HP: 13/13 MP: 3/3
   286 | D:1      | Reached skill level 1 in Fighting
   355 | D:1      | Gained mutation: A weak demonic guardian rushes to your
                  | aid. [demonic ancestry]
   355 | D:1      | Reached XP level 2. HP: 19/21 MP: 1/5
   495 | D:1      | Found a faded altar of an unknown god.
   701 | D:1      | Reached skill level 4 in Ice Magic
   965 | D:1      | Reached XP level 3. HP: 27/27 MP: 3/6
  1799 | D:2      | Gained mutation: You are partially covered in slimy green
                  | scales. (AC +2) [demonic ancestry]
  1799 | D:2      | Reached XP level 4. HP: 34/34 MP: 4/7
  1973 | D:1      | Learned a level 3 spell: Frozen Ramparts
  1979 | D:1      | Learned a level 3 spell: Ozocubu's Armour
  2737 | D:3      | Noticed Grinder
  2743 | D:3      | Paralysed by Grinder for 7 turns
  2748 | D:3      | Slain by Grinder

Illustrated notes

Levels and vault maps discovered:
D:1:      evilmike_arrival_grusome_pit, layout_basic,
          hellmonk_ecumenical_altar_run_dry, minmay_heptomino_d4
D:2:      layout_loops_cross
D:3:      layout_basic, vehumet_altar_wand_db, uniq_jessica, uniq_natasha,
          uniq_grinder

Skill      XL: |  1  2  3  4 |
---------------+-------------+-----
Fighting       | 1 2 3 |  3.0
Ice Magic      | 4 |  4.7
Dodging        | |  1.7
Stealth        | |  1.7
Spellcasting   | |  2.0

Action                   |  1- 3 |  4- 6 || total
-------------------------+-------+-------++-------
Melee: Unarmed           |    12 |       ||    12
       Club              |    18 |       ||    18
       Spear             |     1 |    42 ||    43
 Cast: Freeze            |    47 |    16 ||    63
       Ozocubu's Armour  |       |     1 ||     1
       Frozen Ramparts   |       |     1 ||     1
 Stab: Sleeping          |     1 |     4 ||     5
Armor: Robe              |    10 |    14 ||    24
Dodge: Dodged            |    52 |    28 ||    80
